 Dungeon Crawl Stone Soup version 0.30.1-11-g7821555f0a (webtiles) character file.

Game seed: 16429832493775684405

1954716 infinitevox the Conqueror (level 24, 295/295 HPs)
             Began as a Demonspawn Fighter on May 6, 2023.
             Was an Initiate of Gozag.
             Escaped with the Orb
             ... and 3 runes on Dec 1, 2023!
             The game lasted 04:31:10 (48731 turns).

infinitevox the Conqueror (Demonspawn Fighter)     Turns: 48731, Time: 04:31:10

Health: 295/295    AC: 52    Str: 23    XL:     24   Next: 72%
Magic:  32/32      EV: 16    Int: 13    God:    Gozag
Gold:   10176      SH: 11    Dex: 25    Spells: 21/23 levels left

rFire   + + +        W - +11 Singing Sword {sonic wave}
rCold   + + .        K - +1 buckler of the Gardener {Fly rElec MP+9 Str-3 SInv}
rNeg    + . .        g - +18 gold dragon scales of Fortification {Rampage rPois rF+ rC+ rCorr Slay+2}
rPois   +            a - +1 helmet "Ydaunta" {Stlth+}
rElec   +            m - +0 cloak "Xuvvax Enarph" {rF+ Will+ Int-3 SInv}
rCorr   +            w - +2 pair of gloves {Str+3}
SInv    +            (boots unavailable)
Will    ++...        I - amulet of Qazlal's Regard {Fragile rPois rN+ Regen+ Dex+3} Stlth
                     f - ring of Satisfaction {+Blink Str+3 Dex+6}
HPRegen 1.49/turn    M - ring "Arrivuh" {rElec AC+4 Str+3 Slay-3 Stlth+}
MPRegen 0.23/turn

%: random rage (3%), rampage
@: mighty, brilliant, resistant, flying, invisible
A: hooves 3, yellow scales 2, powered by pain 2, robust 3, spiny 3, large bone
plates 1, berserk 1, clever 1, clumsy 2, deformed body, deterioration 1, sense
surroundings 1, screaming 1, inability to drink after injury 2
0: Orb of Zot
}: 3/15 runes: decaying, silver, gossamer
a: Renounce Religion, Evoke Blink, Potion Petition, Call Merchant, Bribe Branch


You escaped.
You worshipped Gozag.
Gozag was extremely pleased with you.
You visited 9 branches of the dungeon, and saw 45 of its levels.
You also visited: Bailey, Gauntlet, Ice Cave and Desolation.

You collected 24862 gold pieces.
You spent 5826 gold pieces at shops.
You paid 8860 gold pieces to Gozag.

Inventory:

Hand Weapons
 W - the +11 Singing Sword (weapon) {sonic wave}
   (You took it off an imperial myrmidon in the Desolation of Salt)
 Z - a +9 heavy demon blade
Armour
 a - the +1 helmet "Ydaunta" (worn) {Stlth+}
   (You bought it in a shop on level 2 of the Orcish Mines)

   Stlth:     It makes you more stealthy.
 g - the +18 gold dragon scales of Fortification (worn) {Rampage rPois rF+ rC+ rCorr Slay+2}
   (You took it off an orc warrior in a bailey)

   Slay:      It affects your accuracy & damage with ranged weapons and melee
   (+2).
   rF:        It protects you from fire.
   rC:        It protects you from cold.
   rPois:     It protects you from poison.
   rCorr:     It protects you from acid and corrosion.
   Rampage:   It bestows one free step when moving towards enemies.
 m - the +0 cloak "Xuvvax Enarph" (worn) {rF+ Will+ Int-3 SInv}
   (You bought it in a shop on level 1 of the Vaults)

   Int:       It affects your intelligence (-3).
   rF:        It protects you from fire.
   SInv:      It lets you see invisible.
   Will:      It increases your willpower.
 w - a +2 pair of gloves of strength (worn)
 K - the +1 buckler of the Gardener (worn) {Fly rElec MP+9 Str-3 SInv}
   (You found it in a Gauntlet)

   Str:       It affects your strength (-3).
   rElec:     It insulates you from electricity.
   MP:        It affects your magic capacity (+9).
   SInv:      It lets you see invisible.
   Fly:       It grants you flight.
Magical Staves
 Y - the staff of poison "Kuufeapn" {rPois rF++ rN+ Str-4 SInv}
   (You found it on level 5 of the Vaults)

   [staff of poison]

   Base accuracy: +5 Base damage: 5 Base attack delay: 1.2 This weapon's minimum
   attack delay (0.6) is reached at skill level 12.
   Str:       It affects your strength (-4).
   rF:        It greatly protects you from fire.
   rPois:     It protects you from poison.
   rN:        It protects you from negative energy.
   SInv:      It lets you see invisible.
   It falls into the 'Staves' category.
   It is a one-handed weapon.
Jewellery
 f - the ring of Satisfaction (left hand) {+Blink Str+3 Dex+6}
   (You found it on level 10 of the Dungeon)

   [ring of dexterity]

   Str:       It affects your strength (+3).
   Dex:       It affects your dexterity (+6).
   +Blink:    It lets you blink.
 I - the amulet of Qazlal's Regard (around neck) {Fragile rPois rN+ Regen+ Dex+3}
   (You found it in an ice cave)

   [amulet of regeneration]

   Dex:       It affects your dexterity (+3).
   rPois:     It protects you from poison.
   rN:        It protects you from negative energy.
   Regen:     It increases your rate of health regeneration.
   Fragile:   It will be destroyed if unequipped.
 M - the ring "Arrivuh" (right hand) {rElec AC+4 Str+3 Slay-3 Stlth+}
   (You found it on level 3 of the Swamp)

   [ring of protection]

   AC:        It affects your AC (+4).
   Str:       It affects your strength (+3).
   Slay:      It affects your accuracy & damage with ranged weapons and melee
   (-3).
   rElec:     It insulates you from electricity.
   Stlth:     It makes you more stealthy.
Wands
 i - a wand of paralysis (70)
 n - a wand of mindburst (26)
 r - a wand of roots (10)
 z - a wand of digging (23)
 D - a wand of quicksilver (9)
 R - a wand of flame (41)
 S - a wand of polymorph (5)
Scrolls
 c - a scroll of amnesia
 o - 10 scrolls of fear
 p - 5 scrolls of fog
 q - a scroll of butterflies
 s - a scroll of brand weapon
 x - a scroll of enchant armour
 B - 4 scrolls of silence
 E - 13 scrolls of teleportation
Potions
 h - 15 potions of flight
 k - 5 potions of brilliance
 l - 2 potions of heal wounds
 A - 7 potions of magic
 F - 4 potions of might
 H - 7 potions of mutation
 J - 2 potions of berserk rage
 O - 16 potions of curing
 P - 6 potions of invisibility
 Q - 5 potions of ambrosia
 X - 2 potions of cancellation
Miscellaneous
 d - a lightning rod (4/4)
 j - a box of beasts
 u - a tin of tremorstones (1/2)
 v - a piece from Xom's chessboard (15/15)
 U - a phantom mirror


   Skills:
 O Level 27 Fighting
 - Level 0.2(11.0) Short Blades
 + Level 16.9 Long Blades
 - Level 3.0 Axes
 - Level 0.1 Staves
 - Level 0.1 Ranged Weapons
 - Level 0.1 Throwing
 + Level 22.9 Armour
 - Level 16.1 Dodging
 - Level 4.0 Shields
 - Level 0.2 Conjurations
 - Level 0.2 Hexes
 - Level 0.2 Summonings
 - Level 0.2 Necromancy
 - Level 0.2 Translocations
 - Level 0.2 Transmutations
 - Level 0.2 Fire Magic
 - Level 1.5 Ice Magic
 - Level 0.2 Air Magic
 - Level 0.2 Earth Magic
 - Level 3.0 Poison Magic
 - Level 0.4 Invocations
 - Level 11.0 Evocations


You had 21 spell levels left.
You knew the following spells:

 Your Spells              Type           Power      Damage    Failure   Level
a - Poisonous Vapours     Pois/Air       12%        N/A       98%         2

Your spell library contained the following spells:

 Spells                   Type           Power      Damage    Failure   Level
 Sting                    Tmut/Pois      24%        1d4       95%         1
 Apportation              Tloc           0%         N/A       99%         1
 Beastly Appendage        Tmut           0%         N/A       99%         1
 Kiss of Death            Conj/Necr      0%         2d5       99%         1
 Magic Dart               Conj           0%         1d3       99%         1
 Slow                     Hex            0%         N/A       99%         1
 Summon Small Mammal      Summ           0%         N/A       99%         1
 Cigotuvi's Dreadful Rot  Necr/Pois/Air  8%         N/A       99%         2
 Call Imp                 Summ           0%         N/A       100%        2
 Confusing Touch          Hex            0%         N/A       100%        3
 Dazzling Flash           Conj/Hex       0%         N/A       100%        3
 Hailstorm                Conj/Ice       3%         3d3       100%        3
 Ignite Poison            Fire/Tmut/Pois 4%         N/A       100%        3
 Inner Flame              Hex/Fire       0%         N/A       100%        3
 Mephitic Cloud           Conj/Pois/Air  4%         N/A       100%        3
 Ozocubu's Armour         Ice            5%         N/A       100%        3
 Portal Projectile        Hex/Tloc       0%         N/A       100%        3
 Tukima's Dance           Hex            0%         N/A       100%        3
 Vampiric Draining        Necr           0%         2d6       100%        3
 Anguish                  Hex/Necr       0%         N/A       100%        4
 Cause Fear               Hex            0%         N/A       100%        4
 Dispel Undead            Necr           0%         3d6       100%        4
 Flame Wave               Conj/Fire      0%         2d4       100%        4
 Ice Form                 Ice/Tmut       3%         N/A       100%        4
 Leda's Liquefaction      Hex/Erth       0%         N/A       100%        4
 Olgreb's Toxic Radiance  Pois           11%        N/A       100%        4
 Petrify                  Tmut/Erth      0%         N/A       100%        4
 Sticky Flame             Conj/Fire      0%         2d3       100%        4
 Summon Lightning Spire   Summ/Air       0%         N/A       100%        4
 Agony                    Necr           0%         N/A       100%        5
 Alistair's Intoxication  Tmut/Pois      4%         N/A       100%        5
 Blade Hands              Tmut           0%         N/A       100%        5
 Freezing Cloud           Conj/Ice/Air   1%         6-21      100%        5
 Lee's Rapid Deconstruct  Erth           0%         3d4*      100%        5
 Silence                  Hex/Air        0%         N/A       100%        5
 Summon Forest            Summ/Tloc      0%         N/A       100%        5
 Summon Mana Viper        Hex/Summ       0%         N/A       100%        5
 Yara's Violent Unravell  Hex/Tmut       0%         3d3       100%        5
 Eringya's Noxious Bog    Tmut/Pois      3%         N/A       100%        6
 Statue Form              Tmut/Erth      0%         N/A       100%        6
 Summon Cactus Giant      Summ           0%         N/A       100%        6
 Enfeeble                 Hex            0%         N/A       100%        7
 Malign Gateway           Summ/Tloc      0%         N/A       100%        7
 Ozocubu's Refrigeration  Ice            2%         4d8       100%        7
 Summon Hydra             Summ           0%         N/A       100%        7
 Summon Horrible Things   Summ           0%         N/A       100%        8
 Polar Vortex             Ice            2%         N/A       100%        9
 Simulacrum               Ice/Necr       Unusable   N/A       N/A         6

Dungeon Overview and Level Annotations

Branches:
Dungeon (15/15)            Temple (1/1) D:6            Lair (5/5) D:10
  Swamp (4/4) Lair:3       Spider (4/4) Lair:2        Slime (0/5) Lair:5
    Orc (2/2) D:9             Elf (0/3) Orc:2        Vaults (5/5) D:14
  Crypt (0/3) Vaults:3     Depths (4/4) D:15            Zot (5/5) Depths:4
 Bailey (visited)           IceCv (visited)         Desolation (visited)
Gauntlet (visited)

Altars:
Ashenzari
Cheibriados
Dithmenos
Gozag
Hepliaklqana
Kikubaaqudgha
Makhleb
Okawaru
Qazlal
Sif Muna
Uskayaw
Jiyva

Shops:
D:2 :   D:6 !   D:10 [*[   D:11 [   D:13 [   D:14 :   D:15 *   Orc:1 (!
Orc:2 *[=   Vaults:1 *[   Vaults:3 ?   Depths:2 *

Portals:
Hell: Depths:1 Depths:3 Depths:4
Abyss: Depths:1 Depths:3
Pandemonium: Depths:1 Depths:3 Depths:4
Ziggurat: Depths:1

Annotations:
Zot:5 1 runed translucent door, Tiamat; turdburglar's ghost, legendary GrFi


Innate Abilities, Weirdness & Mutations

You have hooves in place of feet.
You are mostly covered in yellow scales. (AC +3)
You sometimes gain power by taking damage.
You are extremely robust. (+30% HP)
You are completely covered in sharp spines.
You are partially covered in large bone plates. (SH +4)
You sometimes lose your temper in combat.
Your mind is acute. (Int +4, Str/Dex -1)
You are very clumsy. (Dex -4)
Armour fits poorly on your strangely shaped body.
Your body sometimes deteriorates upon taking damage.
You passively map a small area around you.
You occasionally shout uncontrollably at your foes.
You sometimes lose the ability to drink potions when taking damage.


Message History

(V) Vaults (C) Crypt (U) Depths (H) Hell (Z) Zot
Where to? (Enter - D:1, ? - help)
What level of the Dungeon? (default 1, ? - help)
There is a stone staircase leading up here.
You fly upwards.
There is a stone staircase leading down here.
An Orb Guardian comes into view.
You rampage towards the Orb Guardian!
You rampage towards the Orb Guardian!
You rampage towards the Orb Guardian!
You carve the Orb Guardian like a ham!!!
The Singing Sword repeatedly practises counterpoints.
You send a blast of sound all around you.
The Orb Guardian is severely wounded.
You kick the Orb Guardian.
The Orb Guardian is severely wounded.
The Orb Guardian is struck by your spines.
The Orb Guardian misses you.
You slice the Orb Guardian!!
You kill the Orb Guardian!
You now have 10176 gold pieces (gained 19).
You reach down and open the door.
There is an open door here.
There is a stone staircase leading up here.
You fly upwards.
There is a stone staircase leading down here.
There is a stone staircase leading up here.
You fly upwards.
There is a stone staircase leading down here.
You see here a quokka skeleton.
Things that are here:
5 stones; a +0 dagger
There is a staircase leading out of the dungeon here.
You feel protected.
You feel clever all of a sudden.
You feel very mighty all of a sudden.
You fade into invisibility!
You can't go down here!
You have escaped!

#+#.## #>..# ##...##
#.### ##.....## #.#
##.......### #.#
##.........'# #.#
##...........## #.#
#....[........# ##.#
#.............# #..#
#......@......#
###.##
#.............###...#
#.............##..###
##...........##..##
##.........##..##
#'.......+##.##
###.....##...#
###.####.### #.#....#


There were no monsters in sight!

Vanquished Creatures
  A seraph (Depths:1)
  A dread lich (Zot:5)
  An orb of fire (Zot:1)
  3 ancient liches
  A juggernaut (Depths:3)
  Mennas (Depths:3)
  Josephina (Depths:4)
  3 curse toes
  Nikola (Vaults:1)
  6 golden dragons
  2 bone dragons
  9 tentacled monstrosities
  The ghost of Grendle the Warrior, an adept DsMo of Nemelex Xobeh (Depths:3)
  2 liches
  Jorgrun (Swamp:2)
  16 Orb Guardians
  Mlioglotl (Spider:1)
  2 walking frostbound tomes (Depths:3)
  3 walking earthen tomes
  2 titans (Vaults:5)
  9 sphinxes
  6 quicksilver dragons
  Kirke (Lair:5)
  7 tengu reavers
  4 death cobs
  10 shadow dragons
  The ghost of xzight the Severer, an adept MiBe of Trog (Swamp:3)
  Donald (Orc:2)
  A storm dragon (shapeshifter) (Vaults:5)
  A thorn hunter (Swamp:4)
  11 storm dragons
  An azure jelly (IceCv)
  7 draconian monks
  3 fire giants
  6 draconian scorchers
  4 draconian knights
  17 vault wardens
  6 emperor scorpions
  3 iron dragons
  5 frost giants
  5 ghost moths
  A draconian stormcaller (Zot:1)
  A balrug (Depths:1)
  2 curse skulls (Vaults:3)
  2 imperial myrmidons (Desolation)
  8 spriggan defenders
  3 draconian annihilators
  4 cacodemons
  3 angels
  A draconian shifter (Zot:2)
  A quicksilver ooze (IceCv)
  10 very ugly things
  2 orc warlords (Vaults:3)
  5 war gargoyles
  4 spectral caustic shrikes (Depths:3)
  12 ironbound thunderhulks
  A broodmother (Spider:4)
  22 ironbound preservers
  11 stone giants
  Nessos (Lair:4)
  8 green draconians
  6 eleionomae
  6 black draconians
  9 red draconians
  A minotaur (Gauntlet)
  3 white draconians
  11 spark wasps
  10 purple draconians
  2 halazid warlocks (Desolation)
  5 bunyips
  6 dire elephants
  2 deep elf annihilators (Vaults:5)
  11 ettins
  3 yellow draconians
  Snorg (D:10)
  3 crystal guardians
  4 fire dragons
  4 entropy weavers
  2 deep elf death magi
  3 ragged hierophants (Desolation)
  A deep elf high priest (Vaults:5)
  17 yaktaur captains
  4 servants of whispers (Desolation)
  Fannar (Orc:1)
  9 great orbs of eyes
  The ghost of Dunwar the Spear-Bearer, a journeyman GnCK of Xom (Lair:1)
  3 rakshasas
  3 spriggan air magi
  8 ogre magi
  19 hydras
  3 radroaches
  Erolcha (Orc:1)
  13 peacekeepers
  A hell beast (Depths:1)
  29 vault guards
  4 ice dragons
  5 ironbound frosthearts
  6 ghost crabs
  An anaconda (shapeshifter) (Vaults:5)
  5 boulder beetles
  2 centaur warriors
  A death knight (Vaults:3)
  5 catoblepae
  2 jorogumos
  13 two-headed ogres
  5 alligators
  The ghost of LobsterGuardian the Geomancer, a journeyman OpEE of Hepliaklqana (D:10)
  8 tengu warriors
  9 deep troll shamans
  2 hell hogs
  10 deep troll earth magi
  A vampire mage (Depths:1)
  21 death yaks
  3 spriggan berserkers
  Urug (Lair:3)
  Sonja (D:13)
  A sun demon (D:5)
  12 hell knights
  A storm dragon zombie (Depths:3)
  3 deep elf knights (Vaults:5)
  5 goliath frogs
  19 iron trolls
  A skyshark (shapeshifter) (Vaults:5)
  2 titan skeletons (Depths:3)
  A skyshark (Lair:4)
  A sun moth (Spider:4)
  4 sixfirhies
  Lodul (D:10)
  7 pharaoh ants
  3 flayed ghosts
  2 glowing orange brains (Depths:3)
  7 spriggan druids
  5 swamp dragons
  71 deep trolls
  A deep elf archer (D:14)
  19 ironbound convokers
  14 orb spiders
  6 bog bodies
  A shadow demon (Depths:3)
  8 deep elf pyromancers
  17 harpies
  3 phantasmal warriors (Vaults:5)
  8 steelbarb worms
  15 wizards
  16 lindwurms
  6 necromancers
  2 deep elf zephyrmancers
  14 wolf spiders
  6 orc knights
  2 orc sorcerers
  30 ugly things
  9 cyclopes
  9 manticores
  6 will-o-the-wisps
  An iron dragon zombie (Depths:3)
  A worldbinder (Gauntlet)
  30 moths of wrath
  A faun (shapeshifter) (Vaults:5)
  A manticore (shapeshifter) (Vaults:3)
  Maurice (Orc:2)
  3 naga magi (D:15)
  4 black mambas
  17 demonic crawlers
  12 elephants (Lair:5)
  A human skeleton (Vaults:1)
  5 torpor snails
  6 guardian serpents (Desolation)
  A centaur skeleton (D:15)
  5 gargoyles
  6 apocalypse crabs
  24 vault sentinels
  An ice statue (IceCv)
  An orange demon (Depths:3)
  34 yaktaurs
  7 cane toads
  2 freezing wraiths
  9 komodo dragons
  A yaktaur skeleton (Vaults:1)
  A rime drake (Lair:1)
  An efreet (D:15)
  A komodo dragon (shapeshifter) (Vaults:5)
  5 tengu conjurers
  2 golden dragon simulacra (Depths:4)
  2 ice devils (Orc:2)
  A meliai (shapeshifter) (Vaults:5)
  9 trolls
  A merfolk (shapeshifter) (Vaults:4)
  A red devil (Depths:3)
  A bloated husk (Swamp:4)
  4 meliai
  9 tyrant leeches
  11 hornets
  2 polar bears (Lair:5)
  32 tarantellas
  19 blink frogs
  57 saltlings (Desolation)
  2 centaur simulacra
  58 slime creatures
  Sigmund (D:2)
  24 culicivoras
  21 jumping spiders
  10 spriggans
  3 wraiths
  3 water elementals
  8 shadows
  53 yaks
  2 steam dragons (D:9)
  A vampire (D:13)
  7 wyverns
  2 neqoxecs
  6 basilisks
  3 hogs (Lair:5)
  33 redbacks
  12 vampire mosquitoes
  A warg (Orc:1)
  An acid dragon (D:14)
  12 swamp worms
  15 water moccasins
  7 swamp drakes
  A floating eye (Depths:3)
  6 black bears
  3 ice beasts
  28 orc warriors
  4 great orb of eyes simulacra (IceCv)
  29 ogres
  3 boggarts (Gauntlet)
  8 centaurs
  18 wolves
  A phantom (D:5)
  A slime creature simulacrum (IceCv)
  Blork the orc (D:4)
  2 kobold brigands (D:8)
  9 bullfrogs
  A scorpion (D:6)
  6 glowing shapeshifter simulacra
  6 wights
  A human simulacrum (Vaults:1)
  10 killer bees
  2 electric eels
  5 howler monkeys
  4 quasits (D:10)
  2 hounds
  9 orc priests
  6 jellies
  An iron imp (D:11)
  A sleepcap (D:5)
  4 iguanas
  25 orc wizards
  A boggart skeleton (D:15)
  7 shapeshifter simulacra (IceCv)
  13 adders
  A howler monkey simulacrum (D:9)
  An ufetubus (D:5)
  A worm (D:3)
  87 orcs
  5 ball pythons
  9 endoplasms
  2 giant cockroaches
  9 hobgoblins
  2 jackals (D:1)
  7 kobolds
  A quokka (D:1)
  3 bats
  3 frilled lizards
  10 goblins
  8 rats
  A spectral weapon (Zot:5)
1904 creatures vanquished.

Vanquished Creatures (collateral kills)
  Roxanne (Swamp:2)
  A shambling mangrove (Swamp:4)
  A vault guard (Vaults:5)
  A hydra (Lair:3)
  A swamp dragon (Swamp:4)
  An ironbound convoker (Desolation)
  A komodo dragon (Lair:4)
  A tyrant leech (Swamp:2)
  A hornet (Swamp:4)
  2 saltlings (Desolation)
11 creatures vanquished.

Vanquished Creatures (others)
  2 tengu reavers (Vaults:5)
  An ironbound preserver (Vaults:3)
  A vault guard (Vaults:5)
  A hydra (Swamp:4)
  A two-headed ogre (D:14)
  A swamp dragon (Swamp:4)
  A yaktaur (D:14)
  A bloated husk (Swamp:1)
  A tarantella (Spider:4)
  2 shadow dragon simulacra (Depths:4)
  A water elemental (Depths:3)
  2 humans (Lair:5)
  A swamp worm (Swamp:4)
  A swamp drake (Swamp:4)
  36 foxfires
  3 starspawn tentacles (Spider:1)
56 creatures vanquished.

Grand Total: 1971 creatures vanquished

Notes
Turn   | Place    | Note
-------+----------+-------------------------------------------
     0 | D:1      | infinitevox the Demonspawn Fighter began the quest for the
                  | Orb.
     0 | D:1      | Reached XP level 1. HP: 18/18 MP: 1/1
   138 | D:1      | Gained mutation: You have large cloven feet. [demonic
                  | ancestry]
   138 | D:1      | Reached XP level 2. HP: 24/24 MP: 2/2
   820 | D:2      | Gained mutation: You are partially covered in sharp spines.
                  | [demonic ancestry]
   820 | D:2      | Reached XP level 3. HP: 29/29 MP: 3/3
   857 | D:2      | Found Yhoug's Book Shoppe.
  1013 | D:2      | Noticed Sigmund
  1022 | D:2      | Killed Sigmund
  1023 | D:2      | Reached skill level 1 in Ice Magic
  1023 | D:2      | Reached XP level 4. HP: 19/35 MP: 4/4
  1023 | D:2      | Reached XP level 5. HP: 22/41 MP: 5/5
  1166 | D:2      | Learned a level 2 spell: Poisonous Vapours
  1687 | D:3      | Found Onun's Magic Scroll Boutique.
  1716 | D:3      | Reached skill level 1 in Dodging
  1788 | D:3      | Bought a scroll of brand weapon for 95 gold pieces
  1788 | D:3      | Bought a scroll of identify for 20 gold pieces
  1788 | D:3      | Bought a scroll of identify for 20 gold pieces
  1995 | D:3      | Found a faded altar of an unknown god.
  2114 | D:4      | Noticed Blork the orc
  2134 | D:4      | Killed Blork the orc
  2135 | D:4      | Reached skill level 1 in Evocations
  2135 | D:4      | Gained mutation: You sometimes gain a little power by
                  | taking damage. [demonic ancestry]
  2135 | D:4      | Reached XP level 6. HP: 47/47 MP: 6/6
  2496 | D:4      | Gained mutation: You are partially covered in yellow
                  | scales. (AC +2) [demonic ancestry]
  2496 | D:4      | Reached XP level 7. HP: 47/52 MP: 7/7
  3069 | D:5      | Entered Level 5 of the Dungeon
  3086 | D:5      | Reached skill level 1 in Long Blades
  3255 | D:5      | Found a shadowy altar of Dithmenos.
  3309 | D:5      | Gained mutation: You are mostly covered in sharp spines.
                  | [demonic ancestry]
  3309 | D:5      | Reached XP level 8. HP: 58/58 MP: 8/8
  3476 | D:5      | Reached skill level 5 in Dodging
  3838 | D:6      | Found a hide-covered altar of Uskayaw.
  4013 | D:6      | Found a staircase to the Ecumenical Temple.
  4021 | D:6      | Found Caul's Distillery.
  4041 | D:6      | Bought a potion of curing for 33 gold pieces
  4065 | Temple   | Entered the Ecumenical Temple
  4074 | Temple   | Became a worshipper of Gozag Ym Sagoz the Greedy
  4096 | D:6      | Bought a potion of might for 44 gold pieces
  4121 | D:6      | Reached skill level 5 in Long Blades
  5119 | D:7      | Gained mutation: You sometimes gain power by taking damage.
                  | [demonic ancestry]
  5119 | D:7      | Reached XP level 9. HP: 57/64 MP: 5/9
  5620 | D:8      | Noticed a cyclops
  5627 | D:8      | Killed a cyclops
  6492 | D:8      | Found a shimmering blue altar of Sif Muna.
  6493 | D:8      | Identified the +0 leather armour of Epsafiru {Fly Will+}
  7023 | D:9      | Reached XP level 10. HP: 42/70 MP: 10/10
  7213 | D:9      | Found a staircase to the Orcish Mines.
  7247 | D:9      | Found a broken altar of Ashenzari.
  7337 | D:9      | Noticed a deep elf pyromancer
  7344 | D:9      | Killed a deep elf pyromancer
  7787 | D:9      | Reached skill level 4 in Fighting
  7813 | D:9      | Reached skill level 5 in Fighting
  7867 | D:9      | Reached skill level 1 in Poison Magic
  7954 | D:9      | Reached skill level 6 in Fighting
  8038 | D:9      | Noticed a manticore
  8047 | D:9      | Killed a manticore
  8205 | D:9      | Got Voabaune's Parchment of Familiar Frost
  8206 | D:9      | Noticed a manticore
  8213 | D:9      | Killed a manticore
  8213 | D:9      | Noticed a cyan ugly thing
  8214 | D:9      | Reached skill level 7 in Fighting
  8214 | D:9      | Reached XP level 11. HP: 55/84 MP: 11/11
  8215 | D:9      | Noticed a deep elf pyromancer
  8218 | D:9      | Killed a cyan ugly thing
  8232 | D:9      | Killed a deep elf pyromancer
  8236 | D:9      | Reached skill level 8 in Fighting
  8267 | D:9      | Noticed a boulder beetle
  8277 | D:9      | Gained mutation: You occasionally lose the ability to read
                  | scrolls when taking damage. [potion of mutation]
  8277 | D:9      | Gained mutation: You are strong-willed. (Will+) [potion of
                  | mutation]
  8292 | D:9      | HP: 4/86 [boulder beetle (4)]
  8301 | D:9      | Killed a boulder beetle
  8301 | D:9      | Noticed a cyan ugly thing
  8692 | D:9      | Found an iron altar of Okawaru.
  8930 | D:9      | Killed a cyan ugly thing
  8931 | D:9      | Reached skill level 9 in Fighting
  9182 | D:10     | Entered Level 10 of the Dungeon
  9196 | D:10     | Found a flagged portal.
  9216 | Bailey   | Entered a bailey
  9324 | Bailey   | Noticed an orc knight
  9372 | Bailey   | Noticed an orc knight
  9454 | Bailey   | Identified the +18 gold dragon scales of Fortification
                  | {Rampage rPois rF+ rC+ rCorr Slay+2}
  9500 | Bailey   | Killed an orc knight
  9500 | Bailey   | Killed an orc knight
  9811 | D:10     | Reached skill level 10 in Long Blades
  9814 | D:10     | Reached skill level 10 in Fighting
  9853 | D:10     | Found a staircase to the Lair.
  9881 | D:10     | Found a transporter.
  9883 | D:10     | Noticed LobsterGuardian's ghost (journeyman OpEE)
  9884 | D:10     | Noticed Lodul
  9901 | D:10     | Killed Lodul
  9936 | D:10     | Found a transporter.
  9988 | D:10     | Identified the ring of Satisfaction {+Blink Str+3 Dex+6}
  9993 | D:10     | Gained mutation: Armour fits poorly on your strangely
                  | shaped body. [a neqoxec]
  9994 | D:10     | Gained mutation: You are weak. (Str -2) [a neqoxec]
 10003 | D:10     | Killed LobsterGuardian's ghost
 10086 | D:10     | Noticed a boulder beetle
 10119 | D:10     | Killed a boulder beetle
 10120 | D:10     | Reached skill level 5 in Armour
 10192 | D:10     | Noticed a two-headed ogre
 10201 | D:10     | Killed a two-headed ogre
 10202 | D:10     | Gained mutation: You have hoof-like feet. [demonic
                  | ancestry]
 10202 | D:10     | Reached XP level 12. HP: 80/99 MP: 9/12
 10364 | D:10     | Noticed Snorg
 10376 | D:10     | Killed Snorg
 10851 | D:10     | Bought a scroll of identify for 62 gold pieces
 10851 | D:10     | Bought a fuming golden potion for 27 gold pieces
 10852 | D:10     | Bought a box of beasts for 1240 gold pieces
 10852 | D:10     | Bought a potion of curing for 93 gold pieces
 10863 | Lair:1   | Entered Level 1 of the Lair of Beasts
 11056 | Lair:1   | Lost mutation: You are strong-willed. (Will+) [potion of
                  | mutation]
 11056 | Lair:1   | Lost mutation: You are weak. (Str -2) [potion of mutation]
 11056 | Lair:1   | Gained mutation: You are strong-willed. (Will+) [potion of
                  | mutation]
 11056 | Lair:1   | Gained mutation: Your muscles are strong. (Str +4, Int/Dex
                  | -1) [potion of mutation]
 11056 | Lair:1   | Gained mutation: You expend magic power (3 MP) to
                  | strengthen your wands. [potion of mutation]
 11064 | Lair:1   | Identified the +4 ring mail of Snakes and Ladders {Str+5}
 11159 | Lair:1   | Reached skill level 11 in Fighting
 11292 | Lair:1   | Noticed a death yak
 11294 | Lair:1   | Noticed a death yak
 11320 | Lair:1   | Killed a death yak
 11330 | Lair:1   | Killed a death yak
 11491 | Lair:1   | Found a runed translucent door.
 11495 | Lair:1   | Noticed Dunwar's ghost (journeyman GnCK)
 11514 | Lair:1   | Killed Dunwar's ghost
 12076 | Lair:2   | Reached skill level 5 in Evocations
 12085 | Lair:2   | Found a hole to the Spider Nest.
 12165 | Lair:2   | Noticed a catoblepas
 12179 | Lair:2   | Killed a catoblepas
 12282 | Lair:2   | Identified the +2 ring mail of Dit Ridgh {rC+ Will+ SInv}
 12298 | Lair:2   | Found the +10 Black Knight's barding {ponderous, rPois rN+}
 12438 | Lair:2   | Noticed a catoblepas
 12457 | Lair:2   | Killed a catoblepas
 13153 | Lair:3   | Noticed an eight-headed hydra
 13159 | Lair:3   | Killed an eight-headed hydra
 13160 | Lair:3   | Gained mutation: You have hooves in place of feet. [demonic
                  | ancestry]
 13160 | Lair:3   | Reached XP level 13. HP: 106/106 MP: 3/13
 13334 | Lair:3   | Found a staircase to the Swamp.
 13351 | Lair:3   | Noticed Urug
 13358 | Lair:3   | Killed Urug
 13905 | Lair:4   | Found a gate leading to a gauntlet.
 13917 | Lair:4   | Reached skill level 10 in Armour
 13934 | Gauntlet | Entered a Gauntlet
 13934 | Gauntlet | Found a transporter.
 13944 | Gauntlet | Found a transporter.
 13959 | Gauntlet | Found a transporter.
 13966 | Gauntlet | Found a transporter.
 13981 | Gauntlet | Found a transporter.
 13999 | Gauntlet | Found the +15 Maxwell's patent armour {-Cast -Tele rElec
                  | Will+ rCorr}
 14000 | Gauntlet | Found a transporter.
 14012 | Gauntlet | Found a transporter.
 14024 | Gauntlet | Found a transporter.
 14036 | Gauntlet | Found a transporter.
 14048 | Gauntlet | Found a transporter.
 14078 | Gauntlet | Found a transporter.
 14080 | Gauntlet | Found a transporter.
 14125 | Gauntlet | Found a transporter.
 14153 | Gauntlet | Found a transporter.
 14153 | Gauntlet | Found a transporter.
 14155 | Gauntlet | Found a transporter.
 14187 | Gauntlet | Found a transporter.
 14187 | Gauntlet | Found a transporter.
 14543 | Gauntlet | Identified the +1 pair of gloves "Finomuix" {MP+9 Int+3}
 14591 | Gauntlet | Noticed a minotaur
 14605 | Gauntlet | Killed a minotaur
 14616 | Gauntlet | Identified the +1 ring mail of the Game of Kings {Fly rN+
                  | Dex-5 SInv}
 14619 | Gauntlet | Identified the +1 buckler of the Gardener {Fly rElec MP+9
                  | Str-3 SInv}
 14715 | Lair:4   | Found a shadowy altar of Dithmenos.
 14935 | Lair:4   | Noticed Nessos
 14956 | Lair:4   | Killed Nessos
 14969 | Lair:4   | Identified the +2 robe of the Gate {rN+ Regen+}
 15870 | Lair:5   | Entered Level 5 of the Lair of Beasts
 16271 | Lair:5   | Reached XP level 14. HP: 112/113 MP: 14/14
 16389 | Lair:5   | Found a viscous altar of Jiyva.
 16406 | Lair:5   | Found a staircase to the Slime Pits.
 16443 | Lair:5   | Noticed Kirke
 16458 | Lair:5   | Killed Kirke
 17994 | D:3      | Bought a scroll of amnesia for 40 gold pieces
 17994 | D:3      | Bought a scroll of enchant weapon for 75 gold pieces
 17994 | D:3      | Bought a scroll of blinking for 75 gold pieces
 17994 | D:3      | Bought a scroll of enchant weapon for 75 gold pieces
 17994 | D:3      | Bought a scroll of magic mapping for 75 gold pieces
 18069 | D:6      | Bought a potion of curing for 33 gold pieces
 18069 | D:6      | Bought a potion of curing for 33 gold pieces
 18069 | D:6      | Bought a potion of invisibility for 88 gold pieces
 18069 | D:6      | Bought a potion of invisibility for 88 gold pieces
 18069 | D:6      | Bought a potion of magic for 88 gold pieces
 18069 | D:6      | Bought a potion of ambrosia for 88 gold pieces
 18179 | Orc:1    | Entered Level 1 of the Orcish Mines
 18209 | Orc:1    | Reached skill level 12 in Fighting
 18279 | Orc:1    | Found Gimyseyk's Firing Range.
 18430 | Orc:1    | Noticed Erolcha
 18442 | Orc:1    | Killed Erolcha
 18446 | Orc:1    | Noticed Fannar
 18460 | Orc:1    | Killed Fannar
 18532 | Orc:1    | Found Fuitya Yray's Distillery.
 18568 | Orc:1    | Bought a potion of berserk rage for 55 gold pieces
 18568 | Orc:1    | Bought a potion of might for 44 gold pieces
 18721 | Orc:1    | Bought a potion of mutation for 88 gold pieces
 18721 | Orc:1    | Bought a potion of mutation for 88 gold pieces
 18721 | Orc:1    | Bought a potion of invisibility for 88 gold pieces
 18721 | Orc:1    | Bought a potion of invisibility for 88 gold pieces
 18721 | Orc:1    | Bought a potion of flight for 33 gold pieces
 18721 | Orc:1    | Lost mutation: You expend magic power (3 MP) to strengthen
                  | your wands. [potion of mutation]
 18721 | Orc:1    | Lost mutation: You are strong-willed. (Will+) [potion of
                  | mutation]
 18721 | Orc:1    | Lost mutation: You occasionally lose the ability to read
                  | scrolls when taking damage. [potion of mutation]
 18721 | Orc:1    | Gained mutation: You passively map a small area around you.
                  | [potion of mutation]
 18721 | Orc:1    | Gained mutation: You have hidden genetic potential. [potion
                  | of mutation]
 18769 | Orc:2    | Entered Level 2 of the Orcish Mines
 18784 | Orc:2    | Found a staircase to the Elven Halls.
 18787 | Orc:2    | Found Qafroil's Antique Weapon Boutique.
 18810 | Orc:2    | Reached skill level 10 in Evocations
 18810 | Orc:2    | Reached XP level 15. HP: 88/121 MP: 15/15
 18858 | Orc:2    | Found Ureecso's General Store.
 18865 | Orc:2    | Found Musacsum's Jewellery Shop.
 18866 | Orc:2    | Found Esirgheno's Armour Boutique.
 18879 | Orc:2    | Bought the +1 helmet "Ydaunta" {Stlth+} for 231 gold pieces
 18896 | Orc:2    | Noticed Donald
 18913 | Orc:2    | Killed Donald
 18951 | Orc:2    | Found a frozen archway.
 18970 | IceCv    | Entered an ice cave
 19196 | IceCv    | Identified the amulet of Qazlal's Regard {Fragile rPois rN+
                  | Regen+ Dex+3}
 19580 | IceCv    | Found a viscous altar of Jiyva.
 19580 | IceCv    | Noticed an azure jelly
 19593 | IceCv    | Killed an azure jelly
 19594 | IceCv    | Reached skill level 13 in Fighting
 19689 | IceCv    | Got the +9 dagger of Arrival {freeze, rElec rPois Str-5
                  | Dex+4}
 19912 | Orc:2    | Found a burning altar of Makhleb.
 19926 | Orc:2    | Noticed Maurice
 19928 | Orc:2    | Killed Maurice
 20482 | Orc:2    | Bought a potion of mutation for 128 gold pieces
 20544 | D:10     | Bought a glowing cloak for 232 gold pieces
 20719 | D:11     | Found Perseus's Dragon-Slaying Spoils.
 21320 | D:11     | Found a snail-covered altar of Cheibriados.
 21804 | D:12     | Gained mutation: Your mind is acute. (Int +4, Str/Dex -1)
                  | [hidden potential]
 21898 | D:12     | Found the +4 robe of Augmentation {Str+4 Int+4 Dex+4}
 22172 | D:13     | Noticed Sonja
 22175 | D:13     | Killed Sonja
 22323 | D:13     | Found Qadghaup's Armour Shop.
 22753 | D:14     | Reached skill level 14 in Fighting
 23075 | D:14     | Gained mutation: You are robust. (+10% HP) [demonic
                  | ancestry]
 23075 | D:14     | Reached XP level 16. HP: 127/147 MP: 16/16
 23130 | D:14     | Found a gate to the Vaults.
 23249 | D:14     | Found Olajajar's Book Emporium.
 23514 | D:15     | Entered Level 15 of the Dungeon
 23528 | D:15     | Found Naunirhe's General Store.
 23536 | D:15     | Bought a wand of paralysis (1) for 36 gold pieces
 23536 | D:15     | Bought a potion of curing for 45 gold pieces
 23536 | D:15     | Bought a wand of polymorph (3) for 63 gold pieces
 24458 | D:15     | Found a staircase to the Depths.
 24661 | D:10     | Bought a runed cloak for 240 gold pieces
 24727 | Swamp:1  | Entered Level 1 of the Swamp
 24797 | Swamp:1  | Reached skill level 15 in Fighting
 24882 | Swamp:1  | Found a hazy altar of Hepliaklqana.
 25129 | Swamp:1  | Identified the +0 rapier of Big Damage {flame, Str+3 Int+2}
 25142 | Swamp:1  | Found a runed translucent door.
 25270 | Swamp:1  | Paralysed by you for 2 turns
 25304 | Swamp:1  | Identified the +2 robe of the End {rN+++}
 25507 | Swamp:2  | Identified Roxanne's Information on Transition
 25507 | Swamp:2  | Noticed Roxanne
 25531 | Swamp:2  | Killed Roxanne
 25603 | Swamp:2  | Noticed Jorgrun
 25614 | Swamp:2  | Killed Jorgrun
 25627 | Swamp:2  | Gained mutation: You are partially covered in large bone
                  | plates. (SH +4) [hidden potential]
 25627 | Swamp:2  | Lost mutation: You have hidden genetic potential. [hidden
                  | potential expressed]
 26289 | Swamp:3  | Found a runed translucent gate.
 26289 | Swamp:3  | Found a runed translucent gate.
 26289 | Swamp:3  | Found a runed translucent gate.
 26296 | Swamp:3  | Reached skill level 16 in Fighting
 26306 | Swamp:3  | Reached skill level 15 in Armour
 26335 | Swamp:3  | Noticed xzight's ghost (adept MiBe)
 26366 | Swamp:3  | Killed xzight's ghost
 26374 | Swamp:3  | Identified the ring "Arrivuh" {rElec AC+4 Str+3 Slay-3
                  | Stlth+}
 26965 | Swamp:4  | Entered Level 4 of the Swamp
 27005 | Swamp:4  | Gained mutation: You are mostly covered in yellow scales.
                  | (AC +3) [demonic ancestry]
 27005 | Swamp:4  | Reached XP level 17. HP: 159/159 MP: 17/17
 27318 | Swamp:4  | Got a decaying rune of Zot
 27739 | Spider:1 | Entered Level 1 of the Spider Nest
 27768 | Lair:2   | Reached skill level 17 in Fighting
 28088 | Spider:1 | Noticed Mlioglotl
 28108 | Spider:1 | Killed Mlioglotl
 28365 | Spider:2 | Reached skill level 10 in Dodging
 29483 | Spider:3 | Reached skill level 18 in Fighting
 29483 | Spider:3 | Gained mutation: You are very robust. (+20% HP) [demonic
                  | ancestry]
 29483 | Spider:3 | Reached XP level 18. HP: 81/188 MP: 18/18
 30174 | Spider:4 | Entered Level 4 of the Spider Nest
 31041 | Spider:4 | Got a gossamer rune of Zot
 31803 | Vaults:1 | Entered Level 1 of the Vaults
 31917 | Vaults:1 | Found a crumbling gateway.
 31917 | Vaults:1 | Noticed Nikola
 31940 | Vaults:1 | Killed Nikola
 31977 | Desolati | Entered the Desolation of Salt
 32067 | Desolati | Reached skill level 19 in Fighting
 32140 | Desolati | Identified the ring "Nyameikh" {+Blink SInv}
 32470 | Desolati | Reached XP level 19. HP: 200/200 MP: 19/19
 32481 | Desolati | Identified the ring "Nomioh" {rPois rC+ rCorr Dex+3}
 32596 | Desolati | Identified the +5 war axe "Earthworm" {spect, rElec rPois
                  | Will+ Dex+2}
 32612 | Desolati | Identified the ring "Lulen" {Fire *Slow Str+5 Int+3 Slay+2}
 33271 | Vaults:1 | Paralysed by a great orb of eyes for 4 turns
 34034 | Vaults:1 | Reached skill level 20 in Fighting
 34078 | Vaults:1 | Bought a wand of paralysis (6) for 302 gold pieces
 34078 | Vaults:1 | Bought a potion of resistance for 210 gold pieces
 34078 | Vaults:1 | Bought a scroll of immolation for 84 gold pieces
 34078 | Vaults:1 | Bought a potion of invisibility for 168 gold pieces
 34078 | Vaults:1 | Bought a wand of paralysis (5) for 252 gold pieces
 34080 | Vaults:1 | Bought a dazzling cloak for 370 gold pieces
 34080 | Vaults:1 | Identified the +0 cloak "Xuvvax Enarph" {rF+ Will+ Int-3
                  | SInv} (You bought it in a shop on level 1 of the Vaults)
 34748 | Vaults:2 | Reached skill level 21 in Fighting
 34780 | Vaults:2 | Gained mutation: You are completely covered in sharp
                  | spines. [demonic ancestry]
 34780 | Vaults:2 | Reached XP level 20. HP: 212/216 MP: 20/20
 36193 | Vaults:3 | Bought a scroll of fog for 80 gold pieces
 36193 | Vaults:3 | Bought a scroll of teleportation for 60 gold pieces
 36193 | Vaults:3 | Bought a scroll of teleportation for 60 gold pieces
 36193 | Vaults:3 | Bought a scroll of poison for 80 gold pieces
 36193 | Vaults:3 | Bought 2 scrolls of teleportation for 120 gold pieces
 36193 | Vaults:3 | Bought a scroll of blinking for 150 gold pieces
 36301 | Vaults:3 | Reached skill level 22 in Fighting
 36969 | Vaults:3 | Found a staircase to the Crypt.
 38109 | Vaults:4 | Reached XP level 21. HP: 227/228 MP: 21/21
 38229 | Vaults:4 | Paralysed by a great orb of eyes for 2 turns
 38232 | Vaults:4 | Reached skill level 23 in Fighting
 38648 | Vaults:5 | Entered Level 5 of the Vaults
 38677 | Vaults:5 | Noticed an ancient lich
 38765 | Vaults:5 | Killed an ancient lich
 38965 | Vaults:5 | Noticed an ancient lich
 38978 | Vaults:5 | Killed an ancient lich
 38979 | Vaults:5 | Reached skill level 24 in Fighting
 39384 | Vaults:5 | Reached XP level 22. HP: 243/243 MP: 22/22
 39430 | Vaults:5 | Identified the ring "Mockyirph" {rPois MP+9}
 39749 | Vaults:5 | Got a silver rune of Zot
 40015 | Vaults:5 | Identified the staff of poison "Kuufeapn" {rPois rF++ rN+
                  | Str-4 SInv}
 40549 | D:14     | Upgraded the game from 0.30.0 to 0.30.1-11-g7821555f0a
 40653 | Depths:1 | Entered Level 1 of the Depths
 40787 | Depths:1 | Found a gateway to Hell.
 40875 | Depths:1 | Found a one-way gateway to a ziggurat.
 41031 | Depths:1 | Found a one-way gate leading to the halls of Pandemonium.
 41261 | Depths:1 | Found an iron altar of Okawaru.
 41386 | Depths:1 | Reached skill level 15 in Dodging
 41472 | Depths:1 | Reached skill level 25 in Fighting
 41494 | Depths:1 | Found a one-way gate to the infinite horrors of the Abyss.
 41832 | Depths:2 | Found Mium's General Store.
 41862 | Depths:2 | Found an ancient bone altar of Kikubaaqudgha.
 41879 | Depths:2 | Bought a potion of curing for 39 gold pieces
 41940 | Depths:2 | You are sucked into a shaft and drop 1 floor!
 41979 | Depths:3 | Noticed a golden dragon
 41987 | Depths:3 | Killed a golden dragon
 42208 | Depths:3 | Noticed Mennas
 42219 | Depths:3 | Killed Mennas
 42356 | Depths:3 | Found a runed translucent gate.
 42356 | Depths:3 | Found a runed translucent gate.
 42356 | Depths:3 | Found a runed translucent gate.
 42356 | Depths:3 | Identified the +7 trident of Dishonour {flame, *Noise
                  | Str+5}
 42356 | Depths:3 | Identified the amulet of Icuttoe Suum {Regen+ Dex+4}
 42356 | Depths:3 | Noticed Grendle's ghost (adept DsMo)
 42358 | Depths:3 | Noticed a juggernaut
 42364 | Depths:3 | Noticed a golden dragon
 42370 | Depths:3 | Killed a juggernaut
 42387 | Depths:3 | Killed a golden dragon
 42424 | Depths:3 | Reached XP level 23. HP: 174/258 MP: 23/23
 42710 | Depths:3 | Reached skill level 26 in Fighting
 42742 | Depths:3 | Paralysed by a floating eye for 2 turns
 43258 | Depths:3 | Killed Grendle's ghost
 43275 | Depths:3 | Identified the +3 quarterstaff "Hehiy" {antimagic, rCorr
                  | SInv}
 43300 | Depths:4 | Entered Level 4 of the Depths
 43505 | Depths:4 | Identified the ring of Harmony {Ice Slay+5}
 43505 | Depths:4 | Noticed Josephina
 43535 | Depths:4 | Killed Josephina
 43780 | Depths:4 | Found a gate to the Realm of Zot.
 44263 | Zot:1    | Entered Level 1 of the Realm of Zot
 44267 | Zot:1    | Found a transporter.
 44827 | Zot:1    | Identified the +10 rapier "Imatepo" {freeze, Str+2}
 45063 | Zot:1    | Found a transporter.
 45254 | Zot:1    | Reached skill level 27 in Fighting
 45599 | Zot:1    | Noticed a curse toe
 45600 | Zot:1    | Noticed an orb of fire
 45601 | Zot:1    | Noticed a curse toe
 45625 | Zot:1    | Gained mutation: You occasionally lose the ability to drink
                  | potions when taking damage. [an orb of fire]
 45639 | Zot:1    | Gained mutation: You occasionally shout uncontrollably at
                  | your foes. [a cacodemon]
 45650 | Zot:1    | Killed an orb of fire
 45656 | Zot:1    | Killed a curse toe
 45657 | Zot:1    | Gained mutation: You are extremely robust. (+30% HP)
                  | [demonic ancestry]
 45657 | Zot:1    | Reached XP level 24. HP: 117/295 MP: 23/23
 45979 | Zot:1    | Identified the staff of death "Tunabeun" {*Slow rElec rN+
                  | Will+}
 46008 | Zot:1    | Identified the ring "Fiurogh" {rPois rC+ Str-4 Dex+6}
 46013 | Zot:1    | Identified the ring "Heufeg" {rElec rPois rCorr Dex+4}
 46320 | Zot:2    | Reached skill level 15 in Long Blades
 46344 | Zot:2    | You are sucked into a shaft and drop 2 floors!
 46482 | Zot:4    | You are sucked into a shaft and drop 1 floor!
 46482 | Zot:5    | Entered Level 5 of the Realm of Zot
 46514 | Zot:5    | Found the +4 dragonskin cloak
 46514 | Zot:5    | Noticed Tiamat
 47732 | Zot:5    | Noticed a dread lich
 47734 | Zot:5    | Noticed an ancient lich
 47743 | Zot:5    | Killed a dread lich
 47749 | Zot:5    | Killed an ancient lich
 47758 | Zot:5    | Noticed an orb of fire
 47759 | Zot:5    | Noticed an orb of fire
 47759 | Zot:5    | Noticed an orb of fire
 47763 | Zot:5    | Gained mutation: You are clumsy. (Dex -2) [an orb of fire]
 47764 | Zot:5    | Gained mutation: You are very clumsy. (Dex -4) [an orb of
                  | fire]
 47766 | Zot:5    | Noticed a Killer Klown
 47766 | Zot:5    | Noticed an orb of fire
 47766 | Zot:5    | Noticed an orb of fire
 47766 | Zot:5    | Noticed a Killer Klown
 47778 | Zot:5    | Gained mutation: You sometimes lose your temper in combat.
                  | [an orb of fire]
 47784 | Zot:5    | Noticed a Killer Klown
 47789 | Zot:5    | Got the Orb of Zot
 47789 | Zot:5    | Noticed an orb of fire
 47792 | Zot:5    | Gained mutation: You sometimes lose the ability to drink
                  | potions when taking damage. [an orb of fire]
 47798 | Zot:5    | Noticed an orb of fire
 47827 | Zot:5    | Noticed turdburglar's ghost (legendary GrFi)
 47834 | Zot:5    | Found a runed translucent door.
 48025 | Depths:4 | Lost mutation: Your muscles are strong. (Str +4, Int/Dex
                  | -1) [a neqoxec]
 48154 | Depths:1 | Noticed a seraph
 48197 | Depths:1 | Killed a seraph
 48272 | D:15     | Gained mutation: Your body sometimes deteriorates upon
                  | taking damage. [a cacodemon]
 48366 | D:11     | Noticed a seraph
 48543 | D:5      | Noticed Wisiuheq the pandemonium lord
 48731 | D:$      | Escaped with the Orb!

Illustrated notes

Levels and vault maps discovered:
D:1:      lemuel_arrival_rhombus, layout_basic, minmay_misc_feat_ornament
D:2:      layout_loops_ring, serial_shops, shop, uniq_sigmund
D:3:      cheibrodos_greedy_goblins, layout_basic, serial_shops,
          nicolae_shop_temple_entry_statues_fountains,
          chequers_ecumenical_altar_simple, minmay_door_square, minivault_24
D:4:      layout_loops_ring, st_stairs_13, grunt_decor_resistance,
          uniq_blork_the_orc
D:5:      layout_rooms, nicolae_dithmenos_the_darkroom
D:6:      layout_gridville, nicolae_uskayaw_suspiria, minmay_temple_entry_wispy,
          serial_co_window_serial, co_window_paths_a, co_window_paths_a,
          co_window_paths_a, co_window_paths_b, co_window_paths_b,
          co_window_broadway_a, co_window_corner_b, co_window_corner_ca,
          glass_columns_c, glass_columns_a, glass_columns_a, glass_columns_a,
          glass_columns_a, serial_shops, nicolae_shop_stone
D:7:      layout_loops_cross, kennysheep_decorative_pillar
D:8:      minmay_goldmine, layout_basic, mainiacjoe_overflow_small_starburst
D:9:      minmay_the_grid_octo_triangle [minmay_the_grid_octo_concentric,
          minmay_the_grid_octo_prize_single_spiral, minmay_the_grid_octo_chip],
          layout_small_grid, mainiacjoe_overflow_catwalk_spiral,
          elyvilon_altar_1, orc_0_dummy, minmay_misc_feat_encased,
          minmay_three_doors
D:10:     layout_rooms, grunt_lair_entry_orc_guard_hut,
          gammafunk_ghost_stat_death, enter_bailey_1, uniq_lodul, uniq_snorg
D:11:     layout_roguey, nicolae_shop_dragon_depot, chei_slow_surprise
D:12:     layout_stronghold
D:13:     layout_roguey, serial_shops, nicolae_shop_rolling_square, uniq_sonja
D:14:     layout_stronghold, hangedman_vaults_entry_quadrant_bands,
          serial_shops, shop, minivault_14
D:15:     grunt_enter_depths_magical_seal, layout_cave_pods, serial_shops, shop,
          minmay_misc_feat_square
Temple:   nicolae_temple_superstar
Lair:1:   layout_chaotic_city, ebering_ghost_reflecting_pool, minivault_25
Lair:2:   layout_roguey, nicolae_spider_entry_tight_spaces, basic_altar
Lair:3:   layout_roguey, minmay_swamp_entry_worms, serial_bayou_shore_b,
          uniq_urug
Lair:4:   layout_hall_layers, basic_altar, gauntlet_entry_generic,
          patterned_corridor, uniq_nessos
Lair:5:   evilmike_catoblepas_cave, layout_cave_pods,
          nicolae_slime_entry_field_trip, grunt_megastairs_3, uniq_kirke
Swamp:1:  gammafunk_mikee_crab_dinner, layout_basic_swamp, lemuel_altar_in_water
Swamp:2:  layout_basic_swamp, serial_swamp_ruin, evilmike_swamp_ruin_wall,
          evilmike_swamp_ruin_rubble_2, evilmike_swamp_ruin_house_3,
          uniq_roxanne, uniq_jorgrun
Swamp:3:  layout_basic_swamp, ebering_ghost_rock_garden,
          hangedman_swamp_ruin_wall
Swamp:4:  swamp_basic_johnstein, layout_basic_swamp, swamp_pool1
Spider:1: layout_spider_delve, uniq_mlioglotl
Spider:2: layout_spider_delve
Spider:3: cheibrodos_forgotten_conduit, nicolae_spider_paper_wasps
Spider:4: guppyfry_spider_rune
Orc:1:    layout_caves, serial_shops, shop, nicolae_shop_firing_range,
          uniq_erolcha, uniq_fannar
Orc:2:    st_orc_open, layout_caves, basic_altar, portal_ice_cave_demonic_guard,
          uniq_maurice, uniq_donald
Vaults:1: portal_desolation_entry_holy_temple, vaults_room_grunt_arrival_ludios,
          nicolae_vaults_trapezoid_3, hangedman_vaults_corner,
          nicolae_vaults_alarming, nicolae_vaults_trapezoid_lopsided_2,
          grunt_vaults_hallway_short, hangedman_vaults_capsules,
          nicolae_vaults_sesquioval_fish, v_rooms_4, vaults_dpeg_emergency_exit,
          layout_vaults_omnicross, uniq_nikola
Vaults:2: nicolae_vaults_meiosis, nicolae_vaults_border_crossing,
          nicolae_vaults_stairing_the_circle, nicolae_vaults_quartermaster,
          v_alt_pattern_1, nicolae_vaults_storage_room_glass,
          nicolae_vaults_wrenched, nicolae_vaults_oval_intersection,
          nicolae_vaults_tetromino_T_1, nicolae_vaults_tetromino_L_2,
          nicolae_vaults_network_star, hangedman_vaults_variations,
          layout_vaults_omnibox
Vaults:3: grunt_vaults_hallway_long, nicolae_vaults_sesquioval_fish,
          ontoclasm_vaults_gateway, minmay_crypt_entry_simple_walls,
          v_pattern_4, st_lines, nicolae_vaults_closet_pinwheel_6, v_misc_32,
          nicolae_vaults_three_branches, nicolae_vaults_house_3,
          grunt_vaults_funnel, layout_vaults_omnigrid
Vaults:4: vaults_dpeg_encased_lava, vaults_mumra_hex, v_misc_8,
          nicolae_vaults_yaktaur_gun_rack, nicolae_vaults_weapon_check,
          ontoclasm_vaults_ring_small, vaults_room_octagon,
          vaults_standard_mumra_enter_the_diamond, v_misc_8,
          ontoclasm_vaults_ring_small, ontoclasm_vaults_gallery,
          v_alt_pattern_2, layout_vaults_ring
Vaults:5
Depths:1: layout_gridlike, ziggurat_fallback, grunt_mini_vestibule, nrook_uturn,
          abyss_entry, grunt_pan_entry_sceptre, okawaru_altar_gauntlet_db
Depths:2: cheibrodos_poisonous_passages, layout_cave_shapes,
          nicolae_kikubaaqudgha_miasma_corner, hell_entry, serial_shops, shop,
          nicolae_shop_statue_plus, nicolae_lakefront_shop,
          nicolae_shop_crystal, nicolae_shop_competitors_out_of_business,
          rand_demon_pan_entry_7, hangedman_decor_push
Depths:3: minmay_heptahexagon, layout_basic, rand_demon_pan_entry_3,
          ebering_ghost_rock_garden, abyss_entry, pf_hell_entry_tar_river,
          hangedman_decor_slide_cut, minmay_crystal_room, fountainhead,
          uniq_mennas
Depths:4: evilmike_zot_entry_hall, layout_gridville, hell_entry, pan_entry,
          uniq_josephina
Zot:1:    gammafunk_dig_for_victory, layout_gridville, grunt_megastairs_4
Zot:2:    layout_cellular_growth, gammafunk_ghost_tricky_traps,
          grunt_megastairs_5
Zot:3:    layout_gridlike
Zot:4:    layout_gridlike
Zot:5:    layout_misc_corridors, hellmonk_ghost_big_iron,
          nicolae_lava_and_water, hangedman_zot_diagonal_lockstep, uniq_tiamat

Skill      XL: |  1  2  3  4  5  6  7  8  9 10 11 12 13 14 15 16 17 18 19 20 21 22 23 24 |
---------------+-------------------------------------------------------------------------+-----
Axes           | 2 3 |  3.0
Armour         | 3 5 9 11 12 13 15 16 17 18 19 20 21 22 | 22.9
Shields        | 3 4 |  4.0
Ice Magic      | 1 |  1.5
Dodging        | 1 3 4 6 7 8 9 10 11 12 13 14 15 16 | 16.1
Evocations     | 1 2 3 6 8 10 11 | 11.0
Long Blades    | 2 5 8 9 10 12 13 14 16 | 16.9
Fighting       | 7 10 11 12 14 16 18 19 21 22 24 25 27 | 27.0
Poison Magic   | 3 |  3.0
Short Blades   | |  0.2
Staves         | |  0.1
Ranged Weapons | |  0.1
Throwing       | |  0.1
Conjurations   | |  0.2
Hexes          | |  0.2
Summonings     | |  0.2
Necromancy     | |  0.2
Translocations | |  0.2
Transmutations | |  0.2
Fire Magic     | |  0.2
Air Magic      | |  0.2
Earth Magic    | |  0.2
Invocations    | |  0.4

Action                     |  1- 3 |  4- 6 |  7- 9 | 10-12 | 13-15 | 16-18 | 19-21 | 22-24 || total
---------------------------+-------+-------+-------+-------+-------+-------+-------+-------++-------
  Melee: War axe           |    88 |    83 |    12 |       |       |       |       |       ||   183
         Kick              |    10 |    13 |    38 |    39 |   290 |   411 |   502 |   701 ||  2004
         Scimitar          |       |       |   174 |   376 |   736 |   967 |    11 |       ||  2264
         Double sword      |       |       |       |       |       |       |   975 |  1316 ||  2291
         Demon blade       |       |       |       |       |       |       |       |     9 ||     9
   Cast: Poisonous Vapours |       |       |     2 |     6 |       |       |       |       ||     8
 Invoke: Call Merchant     |       |       |       |     1 |     1 |     1 |     3 |       ||     6
         Potion Petition   |       |       |       |       |       |       |       |     7 ||     7
Ability: Evoke Blink       |       |       |       |       |     3 |       |     2 |     2 ||     7
  Evoke: Wand              |       |     4 |     3 |    42 |    32 |    32 |     9 |     8 ||   130
         Lightning rod     |       |       |       |     9 |    10 |    17 |    11 |     6 ||    53
         Box of beasts     |       |       |       |     2 |     2 |     3 |     1 |     1 ||     9
         Piece from Xom's  |       |       |       |       |       |       |       |     2 ||     2
         Tin of tremorston |       |       |       |       |       |       |       |     2 ||     2
         Phantom mirror    |       |       |       |       |       |       |       |     3 ||     3
    Use: Potion            |     1 |       |     1 |    19 |     6 |     6 |     6 |    22 ||    61
         Scroll            |       |     3 |    12 |    14 |    13 |    12 |     9 |    27 ||    90
   Stab: Paralysed         |       |     8 |       |     2 |     1 |     2 |       |       ||    13
         Sleeping          |       |     2 |       |       |       |       |       |       ||     2
         Distracted        |       |       |     1 |     3 |     7 |    15 |    12 |     9 ||    47
         Petrified         |       |       |       |       |     3 |       |       |       ||     3
         Invisible         |       |       |       |       |     6 |     4 |     9 |     2 ||    21
 Armour: Scale mail        |    36 |       |       |       |       |       |       |       ||    36
         Robe              |       |    22 |    44 |       |       |       |       |       ||    66
         Leather armour    |       |       |     3 |    17 |       |       |       |       ||    20
         Gold dragon scale |       |       |       |   163 |   414 |   818 |   437 |   910 ||  2742
  Dodge: Dodged            |    57 |    41 |   187 |   272 |   337 |   781 |   399 |   787 ||  2861
  Block: Buckler           |    25 |    22 |    69 |   162 |   262 |   660 |   439 |   751 ||  2390
